Map: Acropolis LE

Players

HellraiseR - Winner!

  • Race: Protoss Protoss
  • Spawn Location: 5:00

Bunny

  • Race: Terran Terran
  • Spawn Location: 11:00

Event: HomeStory Cup XX

VOD

Have the link to the VOD?

Description

Time

  • Played on: Nov. 22, 2019, 5:01 a.m.
  • Length: 17:12

All games in this series

Show
View Real Time Build Order
Export as new Build Order

HellraiseR Protoss - Winner!

Build Orders: 1 Gate Expand, Dark Templar Rush 

Get SALT Encoding   

  12  0:00  Probe  
  13  0:12  Probe  
  14  0:20  Pylon  
  14  0:24  Probe  
  15  0:35  Probe  
  15  0:38  Gateway  
  16  0:43  Probe  
  16  0:49  Assimilator  
  17  0:53  Probe  
  18  1:05  Probe  
  19  1:17  Probe  
  20  1:26  Cybernetics Core  
  20  1:33  Nexus  
  20  1:40  Assimilator  
  20  1:46  Pylon  
  20  1:47  Probe  
  20  1:53  Adept  
  21  1:59  Gateway  
  22  2:06  Probe  
  24  2:10  Warp Gate  
  24  2:14  Probe  
  24  2:22  Probe  
  26  2:30  Twilight Council  
  26  2:32  Probe  
  27  2:45  Probe  
  27  2:48  Robotics Facility  
  27  2:50  Probe  
  29  2:57  Probe  
  30  3:02  Probe  
  31  3:08  Probe  
  31  3:11  Probe  
  32  3:15  Gateway  
  32  3:16  Probe  
  31  3:20  Probe  
  31  3:22  Dark Shrine  
  31  3:25  Probe  
  33  3:27  Gateway  
  33  3:29  Probe  
  33  3:34  Warp Prism  
  35  3:43  Probe  
  35  3:46  Probe  
  39  3:50  Pylon  
  38  3:56  Assimilator, Probe  
  38  3:58  Probe  
  38  4:00  Assimilator  
  40  4:08  Pylon, Probe  
  41  4:10  Probe  
  41  4:11  Stalker  
  44  4:20  Probe  
  44  4:22  Probe  
  46  4:30  Pylon  
  46  4:32  Probe  
  46  4:34  Charge  
  46  4:35  Dark Templar x3  
  53  4:38  Probe  
  54  4:48  Shadow Stride  
  54  4:55  Probe, Gateway  
  54  4:56  Gateway  
  54  4:59  Warp Prism  
  51  5:18  Dark Templar  
  51  5:19  Gateway  
  51  5:20  Dark Templar, Gateway  
  55  5:26  Zealot x2  
  59  5:29  Pylon  
  59  5:47  Pylon  
  59  5:48  Pylon  
  59  5:52  Dark Templar x2, Zealot x2  
  59  5:55  Zealot  
  59  5:56  Zealot  
  71  6:06  Pylon  
  71  6:15  Stalker  
  71  6:16  Zealot x4  
  81  6:20  Dark Templar  
  81  6:36  Probe  
  81  6:37  Probe  
  75  6:44  Dark Templar x3, Blink  
  73  6:50  Probe  
  73  6:52  Warp Prism  
  62  7:10  Zealot x4  
  62  7:11  Zealot  
  66  7:31  Zealot x8  
  80  7:41  Observer  
  81  7:45  Protoss Ground Armor Level 1  
  81  7:47  Nexus  
  81  7:49  Forge  
  81  7:51  Pylon  
  81  7:58  Dark Templar x2  
  85  8:00  Dark Templar  
  85  8:04  Dark Templar  
  69  8:21  Probe x2  
  71  8:33  Probe x2  
  71  8:39  Stalker x6  
  83  8:45  Probe  
  84  8:50  Observer  
  84  8:53  Stalker  
  87  8:56  Probe  
  90  9:10  Forge  
  90  9:12  Probe x2  
  90  9:15  Nexus  
  90  9:17  Pylon  
  90  9:23  Protoss Ground Weapons Level 1  
  90  9:30  Dark Templar x2, Zealot x2  
  90  9:31  Zealot x2  
  102  9:35  Observer  
  102  9:36  Probe  
  102  9:37  Archon  
  103  9:39  Probe  
  103  9:40  Probe  
  105  9:48  Probe  
  105  9:49  Stalker  
  105  9:54  Stalker x4  
  105  9:59  Probe  
  108  10:01  Probe  
  108  10:02  Stalker  
  108  10:06  Probe  
  107  10:07  Probe  
  107  10:09  Probe  
  107  10:13  Protoss Ground Armor Level 2  
  109  10:15  Probe  
  109  10:17  Probe  
  109  10:18  Probe  
  111  10:22  Zealot  
  111  10:23  Zealot x2  
  111  10:26  Probe  
  117  10:29  Probe x2  
  117  10:30  Probe  
  120  10:38  Probe  
  120  10:41  Probe  
  122  10:43  Probe  
  122  10:44  Probe  
  124  10:50  Probe  
  124  10:54  Zealot x6  
  137  11:00  Immortal  
  137  11:01  Dark Templar  
  139  11:11  Gateway  
  142  11:15  Stalker x2, Zealot  
  148  11:26  Pylon x2, Protoss Ground Weapons Level 2  
  146  11:34  Warp Prism  
  146  11:38  Stalker x3  
  147  11:41  Pylon, Photon Cannon  
  147  11:43  Pylon  
  147  11:47  Probe  
  150  11:55  Dark Templar  
  150  11:57  Stalker x2  
  150  11:58  Zealot  
  158  12:02  Photon Cannon  
  158  12:10  Observer  
  159  12:17  Protoss Ground Armor Level 3  
  159  12:22  Probe  
  158  12:28  Warp Prism  
  130  12:34  Probe x2  
  130  12:35  Probe  
  105  12:39  Zealot x6  
  105  12:40  Zealot x2  
  105  12:44  Gateway x2  
  115  12:50  Probe x2  
  117  13:00  Robotics Bay  
  117  13:01  Zealot x8  
  133  13:13  Immortal  
  135  13:28  Zealot x2  
  135  13:29  Dark Templar x3, Zealot x2  
  135  13:30  Nexus  
  135  13:31  Zealot  
  135  13:33  Pylon  
  151  13:42  Assimilator, Probe x4  
  151  13:43  Assimilator  
  149  13:54  Stalker x6, Probe  
  149  13:55  Zealot  
  141  13:59  Probe  
  141  14:02  Protoss Ground Weapons Level 3  
  120  14:04  Zealot x2  
  120  14:05  Zealot  
  118  14:15  Probe  
  105  14:20  Probe  
  105  14:22  Zealot x5  
  105  14:23  Zealot x2  
  118  14:25  Disruptor  
  118  14:34  Zealot x3  
  127  14:43  Zealot x2  
  127  14:44  Sentry, Zealot x3  
  139  14:50  Disruptor, Zealot  
  141  14:58  Gravitic Drive  
  141  15:04  Dark Templar  
  141  15:05  Stalker  
  141  15:06  Zealot x6  
  160  15:11  Stalker, Zealot  
  164  15:16  Disruptor  
  164  15:18  Pylon  
  167  15:31  Stalker x2  
  167  15:32  Zealot x6  
  183  15:36  Assimilator  
  183  15:37  Assimilator  
  175  15:44  Probe  
  175  15:45  Pylon, Probe  
  175  15:46  Probe  
  175  15:47  Probe  
  165  15:50  Probe  
  165  15:51  Pylon  
  165  15:52  Stalker, Zealot x4  
  165  15:53  Zealot  
  178  15:57  Stalker, Zealot  
  178  16:02  Zealot x2  
  182  16:09  Warp Prism  
  178  16:19  Robotics Facility  
  178  16:24  Nexus  
  174  16:43  Zealot x3  
  174  16:44  Zealot x7  
  175  17:05  Zealot x7  
  175  17:07  Zealot x3  
Show
View Real Time Build Order
Export as new Build Order

Bunny Terran 

Build Orders: Reaper Expand 

Get SALT Encoding   

  12  0:00  SCV  
  13  0:12  SCV  
  14  0:17  Supply Depot  
  14  0:24  SCV  
  15  0:38  SCV  
  15  0:40  Barracks  
  16  0:44  Refinery  
  16  0:51  SCV  
  17  1:03  SCV  
  18  1:15  SCV  
  19  1:27  Orbital Command, Reaper  
  20  1:40  Command Center  
  20  1:48  Supply Depot  
  20  1:53  SCV  
  21  1:59  Marine  
  22  2:05  Factory  
  22  2:08  SCV  
  23  2:20  SCV  
  23  2:21  Refinery  
  23  2:22  Barracks Reactor  
  24  2:33  SCV  
  25  2:45  SCV  
  25  2:50  Factory Tech Lab  
  25  2:58  Marine x2, Orbital Command  
  25  2:59  SCV  
  25  3:05  Orbital Command  
  27  3:09  Cyclone  
  27  3:12  SCV  
  31  3:16  Marine x2  
  33  3:24  SCV  
  33  3:26  Starport  
  34  3:31  SCV  
  35  3:36  Marine x2, SCV  
  38  3:41  Widow Mine  
  38  3:43  SCV  
  41  3:49  SCV  
  41  3:50  Supply Depot  
  41  3:55  SCV  
  43  4:01  SCV  
  44  4:03  Command Center  
  44  4:06  Viking  
  46  4:12  Siege Tank  
  46  4:15  Bunker  
  49  4:20  SCV  
  49  4:21  Supply Depot  
  49  4:22  SCV  
  49  4:23  Marine  
  52  4:24  Marine  
  53  4:31  Supply Depot  
  53  4:34  SCV  
  54  4:42  SCV  
  54  4:44  Supply Depot  
  55  4:49  Engineering Bay  
  55  4:50  Factory Tech Lab  
  55  4:51  Marine x2  
  49  5:01  Raven  
  49  5:03  SCV x2  
  51  5:14  Orbital Command  
  51  5:16  SCV x2  
  53  5:25  Missile Turret  
  53  5:27  Missile Turret  
  53  5:34  SCV  
  53  5:35  SCV  
  54  5:43  SCV  
  54  5:47  SCV x2  
  57  5:53  Barracks  
  57  5:55  SCV  
  58  5:58  Bunker  
  58  6:02  Liberator  
  58  6:03  Siege Tank  
  61  6:12  Supply Depot  
  61  6:13  Engineering Bay  
  61  6:16  Marine  
  64  6:20  SCV  
  64  6:21  SCV x2  
  68  6:29  Missile Turret  
  61  6:35  Siege Tank  
  46  6:41  Marine  
  43  6:47  SCV x2  
  43  6:48  Marine x2  
  45  6:55  Orbital Command  
  45  7:01  Marine  
  43  7:06  Marine x2  
  39  7:15  Siege Tank  
  39  7:20  Marine  
  39  7:24  Marine  
  39  7:25  Stimpack  
  39  7:28  Orbital Command, SCV  
  41  7:31  SCV  
  42  7:44  Marine x3  
  42  7:49  Bunker  
  45  7:54  SCV x2  
  45  7:55  SCV  
  45  7:57  Orbital Command  
  48  8:00  Siege Tank  
  48  8:02  Marine x2  
  48  8:04  Marine  
  54  8:07  Medivac  
  54  8:11  Terran Infantry Weapons Level 1  
  56  8:21  SCV x2  
  56  8:24  SCV  
  57  8:30  Marine x3  
  58  8:36  Siege Tank  
  58  8:39  Supply Depot  
  58  8:40  SCV  
  62  8:41  SCV  
  62  8:42  SCV  
  64  8:52  SCV, Barracks  
  64  8:54  SCV x2  
  67  9:03  Starport Reactor  
  67  9:04  SCV  
  67  9:06  Combat Shield, SCV x2  
  70  9:16  Refinery, SCV  
  71  9:17  Factory Reactor  
  71  9:18  SCV x2  
  71  9:21  Refinery  
  73  9:28  Marauder  
  73  9:30  SCV x3  
  73  9:31  Marine x2  
  77  9:38  Supply Depot  
  79  9:44  Barracks  
  79  9:46  Medivac, Barracks  
  80  9:58  Marauder x2  
  80  9:59  Marine  
  83  10:00  Marine  
  83  10:06  Widow Mine x2, Medivac  
  85  10:08  Concussive Shells  
  85  10:13  Supply Depot  
  85  10:17  Marine x2  
  85  10:19  Marauder x2  
  91  10:23  Supply Depot x2, Terran Infantry Armor Level 1  
  91  10:39  Barracks Reactor  
  91  10:40  Barracks Tech Lab  
  91  10:41  Marauder x2  
  91  10:43  Marine x2  
  91  10:47  Widow Mine x2  
  97  10:51  Medivac  
  97  10:52  SCV x2  
  101  11:01  Marauder, Marine x2  
  101  11:02  Marauder x2  
  105  11:08  Widow Mine x2, Orbital Command  
  109  11:12  Medivac  
  109  11:16  Marine x2  
  113  11:19  Marine x2  
  115  11:26  Marauder  
  115  11:30  Supply Depot  
  115  11:31  Marauder x2  
  121  11:37  Ghost Academy  
  117  11:44  Sensor Tower  
  117  11:46  SCV x2  
  119  11:48  Widow Mine  
  121  11:56  Supply Depot  
  121  11:57  Supply Depot  
  121  12:01  SCV x3  
  124  12:08  Ghost x2  
  124  12:11  Ghost  
  130  12:18  Marine x3  
  130  12:19  Marine  
  130  12:22  Widow Mine x2  
  122  12:35  Medivac  
  122  12:36  Marine x4  
  115  12:37  Marauder x2  
  115  12:40  Marine  
  115  12:42  Medivac  
  115  12:43  Widow Mine, SCV x2  
  115  12:44  Widow Mine  
  128  12:54  Refinery x2  
  128  12:57  SCV x3  
  130  13:14  Ghost  
  130  13:18  SCV x3  
  135  13:23  Ghost  
  137  13:27  Command Center  
  137  13:30  Marine x2  
  137  13:33  Widow Mine  
  141  13:40  SCV x3  
  138  13:46  Marauder  
  138  13:47  Marauder  
  135  13:53  Marine x2  
  135  13:54  Marine  
  131  13:56  Marine x2  
  131  14:02  Widow Mine  
  116  14:09  Marauder  
  108  14:10  Marauder  
  108  14:14  Marauder, SCV x2  
  97  14:18  SCV  
  93  14:24  Widow Mine  
  93  14:27  Widow Mine  
  97  14:33  Marine  
  97  14:35  SCV  
  97  14:36  SCV  
  100  14:41  SCV  
  101  14:50  Marauder  
  101  14:51  Marauder, Marine x2  
  107  14:55  Marine  
  108  15:03  Medivac  
  110  15:07  SCV x2  
  110  15:08  SCV  
  113  15:18  Widow Mine  
  113  15:19  Marine  
  113  15:20  Marine x3  
  113  15:21  Marauder x2  
  123  15:27  Engineering Bay  
  117  15:46  Marauder x3  
  117  15:48  Marine x2  
  122  15:51  Marine x2  
  115  16:06  Marine x2  
  115  16:07  Marine x2  
  111  16:15  Marauder  
  111  16:16  Marine  
  111  16:18  Marine  
  115  16:24  Marine x2  
  115  16:25  Marine, Marauder  
  120  16:26  Orbital Command  
  118  16:34  Marine  
  118  16:36  Marine x2  
  121  16:42  Marine x2  
  121  16:43  Marauder  
  125  16:47  Marauder  
Tags
 
Add a new tag
Caveats
  • Supply blocks, unpowered buildings, or Contaminate may cause inaccurate times.
  • Supply counts are checked every 10 seconds.